AoeStats
← 乌合之众

Lombardia

509561664Analyzed
3v3 RM · 4d ago on Sep 27, 2026· 50m 7s· 6 players
Game mode
Random Map
Map size
Normal (6 player)
Population
200
Speed
Normal
Resources
Standard
Victory
Conquest
Starting age
Dark Age
Ending age
Imperial Age
RankedLock teamsTeams togetherTeam positionsShared explorationLock speedFull tech treeHidden civsTurbo modeCheats
Victory
Defeat
🇺🇸 Mongols · United States
1516
+11
🇺🇸 Cumans · United States
1413
+15
🇯🇵 Saxons · Japan
1303
+20
🇨🇳 Franks · China
1437
-17
🇭🇰 Poles · Hong Kong SAR China
1383
-15
1373
-14
你可以打我队友吗
8:01 Feudal Age
8:33 Double-Bit Axe
12:16 Forging
15:19 Horse Collar
19:17 Castle Age
18:16 Stone Mining
21:35 Bow Saw
21:34 Loom
24:55 Fletching
29:27 Imperial Age
29:27 Ballistics
30:00 Bodkin Arrow
35:32 Chemistry
35:31 Caravan
36:20 Bracer
37:59 Conscription
37:37 Elite Mangudai
37:46 Elite Mangudai
39:22 Padded Archer Armor
40:00 Wheelbarrow
39:39 Husbandry
39:50 Bloodlines
41:37 Parthian Tactics
41:18 Thumb Ring
43:19 Leather Archer Armor
43:10 Scale Barding Armor
45:14 Iron Casting
45:17 Chain Barding Armor
44:20 Light Cavalry
45:27 Scale Mail Armor
45:09 Hussar
51:18 Blast Furnace
拿捏木村
5:22 Loom
8:57 Feudal Age
9:37 Double-Bit Axe
9:34 Horse Collar
18:31 Castle Age
19:21 Heavy Plow
20:36 Wheelbarrow
20:24 Bow Saw
22:19 Stone Mining
23:36 Scale Barding Armor
23:19 Town Watch
25:08 Szlachta Privileges
27:23 Bloodlines
27:13 Husbandry
28:32 Forging
28:47 Town Patrol
28:49 Gold Mining
30:04 Hand Cart
30:17 Chain Barding Armor
36:07 Imperial Age
34:34 Iron Casting
37:10 Imperial Age
35:54 Light Cavalry
37:55 Coinage
37:38 Caravan
37:12 Cavalier
38:54 Blast Furnace
39:20 Banking
39:04 Fortified Wall
38:32 Winged Hussar
39:46 Crop Rotation
41:00 Conscription
41:00 Lechitic Legacy
43:57 Caravan
乌合之众
7:24 Loom
9:59 Feudal Age
16:29 Castle Age
15:13 Double-Bit Axe
18:18 Wheelbarrow
30:26 Imperial Age
27:43 Town Watch
29:07 Scale Barding Armor
29:13 Forging
30:15 Chain Barding Armor
30:39 Husbandry
31:45 Iron Casting
30:32 Cavalier
31:23 Chivalry
31:47 Conscription
32:30 Plate Barding Armor
34:27 Blast Furnace
34:26 Pikeman
36:26 Fletching
36:45 Paladin
39:37 Padded Archer Armor
41:07 Bodkin Arrow
44:59 Chivalry
47:07 Light Cavalry
Ohlan100
9:56 Feudal Age
9:32 Loom
11:33 Loom
14:18 Castle Age
12:42 Double-Bit Axe
13:25 Horse Collar
15:14 Bow Saw
20:38 Loom
25:01 Wheelbarrow
24:57 Gold Mining
25:15 Heavy Plow
25:35 Fletching
29:36 Imperial Age
27:06 Bodkin Arrow
27:57 Ballistics
29:58 Padded Archer Armor
30:43 Conscription
30:37 Siege Engineers
32:17 Chemistry
31:36 Thumb Ring
32:44 Bracer
34:23 Hand Cart
34:51 Leather Archer Armor
34:54 Bloodlines
34:44 Husbandry
34:51 Elite Mangudai
39:48 Parthian Tactics
38:43 Heavy Cavalry Archer
40:02 Coinage
41:02 Gold Shaft Mining
40:17 Stone Mining
40:33 Caravan
44:24 Banking
bulbmusic5
8:00 Loom
10:32 Feudal Age
12:18 Horse Collar
12:26 Double-Bit Axe
21:23 Castle Age
20:29 Wheelbarrow
20:18 Bloodlines
20:34 Forging
20:56 Scale Barding Armor
21:08 Gold Mining
21:23 Stone Mining
22:14 Heavy Plow
22:27 Bow Saw
23:07 Iron Casting
23:27 Hand Cart
24:22 Chain Barding Armor
25:58 Gold Shaft Mining
25:51 Fletching
26:02 Padded Archer Armor
28:07 Bodkin Arrow
28:28 Leather Archer Armor
29:16 Town Watch
32:20 Imperial Age
29:55 Steppe Husbandry
32:53 Elite Steppe Lancer
34:13 Plate Barding Armor
34:39 Blast Furnace
33:09 Light Cavalry
33:10 Cavalier
34:18 Cuman Mercenaries
37:29 Two-Man Saw
37:03 Crop Rotation
37:19 Masonry
37:30 Ballistics
38:11 Chemistry
40:47 Conscription
40:36 Hussar
42:04 Hoardings
42:30 Ring Archer Armor
44:13 Elite Kipchak
48:37 Capped Ram
mayoke331
5:07 Loom
9:53 Feudal Age
11:07 Double-Bit Axe
12:47 Horse Collar
14:19 Wheelbarrow
20:34 Castle Age
18:48 Fletching
19:07 Stone Mining
19:09 Gold Mining
20:30 Town Watch
21:51 Bow Saw
21:46 Crossbowman
26:21 Heavy Plow
27:19 Hand Cart
27:48 Fortified Wall
27:57 Pikeman
29:00 Scale Mail Armor
29:36 Squires
30:54 Chain Mail Armor
31:17 Forging
36:18 Imperial Age
34:17 Bodkin Arrow
35:20 Iron Casting
34:31 Arson
34:31 Gambesons
35:38 Ballistics
35:53 Thumb Ring
36:23 Halberdier
37:34 Plate Mail Armor
36:34 Shield Wall
37:52 Arbalester
39:02 Bracer
38:44 Treadmill Crane
39:20 Padded Archer Armor
39:43 Conscription
39:12 Capped Ram
41:21 Chemistry
42:41 Leather Archer Armor
42:48 Masonry
42:32 Siege Ram
43:33 Town Patrol
44:21 Crop Rotation
47:16 Murder Holes
48:30 Architecture
48:37 Ring Archer Armor
49:14 Hoardings
49:48 Siege Engineers
49:43 Arrowslits
Connection lost

Rejoining the realm…

Still unreachable

The connection could not be restored.

Session expired

The server has moved on; the page needs a fresh start.